 Dungeon Crawl Stone Soup version 0.30-a0-937-ga0a21ad780 (webtiles) character file.

Game seed: 16345967270111580402

483 ragingrage the Slasher (level 7, 0/45 HPs)
             Began as an Octopode Gladiator on Mar 24, 2023.
             Was an Initiate of Gozag.
             Slain by a phantom (5 damage)
             ... on level 5 of the Dungeon.
             The game lasted 00:04:19 (3474 turns).

ragingrage the Slasher (Octopode Gladiator)         Turns: 3474, Time: 00:04:20

Health: 0/45       AC:  1    Str: 19    XL:     7   Next: 12%
Magic:  7/7        EV: 14    Int: 11    God:    Gozag
Gold:   249        SH:  0    Dex: 15    Spells: 4/6 levels left

rFire   . . .      SeeInvis .    a - +0 long sword
rCold   + . .      Faith    .    (no shield)
rNeg    . . .      Spirit   .    f - +0 hat
rPois   .          Reflect  .    (no amulet)
rElec   .          Rampage  .    o - ring of protection from cold
rCorr   .                        u - +6 ring of strength
Will    .....                    (no ring)
Stlth   +++                      (no ring)
HPRegen 0.27/turn                (no ring)
MPRegen 0.10/turn                (no ring)
                                 (no ring)
                                 (no ring)

@: mighty
A: almost no armour, amphibious, 8 rings, camouflage 1, gelatinous body 1,
(nimble swimmer 1), tentacles
a: Renounce Religion, Potion Petition, Call Merchant, Bribe Branch


You were on level 5 of the Dungeon.
You worshipped Gozag.
Gozag was aware of your devotion.
You visited 2 branches of the dungeon, and saw 6 of its levels.

You collected 308 gold pieces.
You paid 59 gold pieces to Gozag.

Inventory:

Hand Weapons
 a - a +0 long sword (weapon)
 b - a +0 sling
 c - a +0 dagger
Missiles
 d - a javelin
 v - 3 throwing nets
 w - 3 boomerangs (quivered)
Armour
 f - a +0 hat (worn)
 i - a +0 kite shield
Jewellery
 o - a ring of protection from cold (left tentacle)
 u - a +6 ring of strength (right tentacle)
Wands
 y - a wand of charming (12)
Scrolls
 e - a scroll of fear {unknown}
 g - 6 scrolls of blinking {unknown}
 h - a scroll of poison {unknown}
 k - a scroll of vulnerability {unknown}
 m - a scroll of butterflies {unknown}
 n - a scroll of teleportation {unknown}
 p - a scroll of enchant weapon {unknown}
 r - 3 scrolls of identify {unknown}
 x - a scroll of noise {unknown}
 C - a scroll of fog {unknown}
Potions
 j - a potion of haste {unknown}
 l - a potion of magic {unknown}
 q - 2 potions of flight {unknown}
 s - a potion of might
 t - a potion of lignification {unknown}
 z - a potion of attraction {unknown}
 A - 2 potions of degeneration {unknown}
 B - a potion of ambrosia {unknown}


   Skills:
 - Level 2.0 Fighting
 + Level 7.5 Long Blades
 - Level 2.0 Throwing
 - Level 3.0 Dodging
 - Level 3.0 Stealth


You had 4 spell levels left.
You knew the following spells:

 Your Spells              Type           Power      Damage    Failure   Level
a - Blink                 Tloc           0%         N/A       47%         2

Your spell library contained the following spells:

 Spells                   Type           Power      Damage    Failure   Level
 Lesser Beckoning         Tloc           0%         N/A       47%         2
 Momentum Strike          Conj/Tloc      0%         3d8       47%         2
 Vhi's Electric Charge    Tloc/Air       0%         N/A       71%         3
 Dispel Undead            Necr           0%         3d6       98%         4
 Arcjolt                  Conj/Air       0%         1d10      100%        5
 Statue Form              Tmut/Erth      0%         N/A       100%        6
 Maxwell's Capacitive Co  Air            0%         ∞         100%        8
 Animate Armour           Summ/Erth      Unusable   N/A       N/A         4

Dungeon Overview and Level Annotations

Branches:
Dungeon (5/15)             Temple (1/1) D:4

Altars:
Ashenzari
Cheibriados
Dithmenos
Elyvilon
Fedhas
Gozag
Makhleb
Nemelex Xobeh
Ru
Trog
Uskayaw
Vehumet
Wu Jian
Yredelemnul
Zin
The Shining One

Shops:
D:3 [

Annotations:
D:4 4 runed translucent doors, Crazy Yiuf; cforsyth's ghost, novice HuFi


Innate Abilities, Weirdness & Mutations

You cannot wear most types of armour.
You are amphibious.
You can wear up to eight rings at the same time.
Your skin changes colour to match your surroundings (Stealth+).
Your rubbery body absorbs attacks. (AC +1, EV +1)
((You are camouflaged when in or above water. (Stealth+)))
You have tentacles for arms and can constrict up to eight enemies at once.


Message History

There is a stone staircase leading up here.
What are your orders? t - Shout!
Orders for allies: a - Attack new target. r - Retreat! s - Stop attacking. g - Guard the area. f - Follow me.
Anything else - Cancel.
Okay, then.
The phantom hits you.
The phantom blinks!
You blink.
You stop ascending the stairs.
You barely miss the phantom. The phantom barely misses you.
The ufetubus shouts!
You hit the phantom.
You hear a shout!
The phantom barely misses you.
You barely miss the phantom.
You squeeze the phantom, but do no damage.
The phantom misses you.
You barely miss the phantom. Your squeeze misses the phantom.
The phantom hits you!
The phantom blinks!
You blink.
An ogre comes into view. It is wielding a +0 giant club.
You completely miss the phantom. The phantom hits you.
The phantom blinks!
You blink.
An ogre comes into view. It is wielding a +0 giant club.
The phantom attacks as you move away! The phantom misses you.
The ufetubus attacks as you move away! The ufetubus barely misses you.
The ufetubus hits you. The ufetubus barely misses you. x2
The ufetubus attacks as you move away! The ufetubus hits you. x2
The phantom attacks as you move away! The phantom hits you!
* * * LOW HITPOINT WARNING * * *
There is a stone staircase leading up here.
The ufetubus barely misses you. The ufetubus hits you.
* * * LOW HITPOINT WARNING * * *
It was a potion of might.
You feel very mighty all of a sudden. The phantom hits you.
You die...
Your body crumbles into a pile of gold.

.... .........#
.........#
.........##
......O...##
.!........###
#..##......#######
##..........O.5@..#
#.............W###.#
#.............###
#..########...# #.
##..# #..# #.## #.#
#.#


You could see an ogre, a phantom and an ufetubus.

Vanquished Creatures
  An ogre (D:5)
  A phantom (D:4)
  2 scorpions (D:4)
  A hound (D:4)
  2 iguanas (D:5)
  2 adders
  2 worms
  2 dart slugs
  4 orcs (D:4)
  12 ball pythons
  A bat (D:2)
  8 endoplasms
  3 giant cockroaches
  7 goblins
  8 hobgoblins
  6 jackals
  6 kobolds
  8 quokkas
  3 frilled lizards
  4 rats
83 creatures vanquished.

Vanquished Creatures (others)
  2 withered plants (D:1)
2 creatures vanquished.

Grand Total: 85 creatures vanquished

Notes
Turn   | Place    | Note
-------+----------+-------------------------------------------
     0 | D:1      | ragingrage the Octopode Gladiator began the quest for the
                  | Orb.
     0 | D:1      | Reached XP level 1. HP: 14/14 MP: 1/1
    64 | D:1      | Reached skill level 1 in Stealth
    71 | D:1      | Reached XP level 2. HP: 19/19 MP: 2/2
   408 | D:1      | Reached XP level 3. HP: 22/24 MP: 3/3
   447 | D:1      | Found a faded altar of an unknown god.
   463 | D:1      | Prayed at the altar of an unknown god.
   463 | D:1      | Became a worshipper of the Shining One
   463 | D:1      | Reached * piety under the Shining One
   869 | D:2      | Learned a level 2 spell: Blink
   930 | D:2      | Reached skill level 4 in Long Blades
  1026 | D:2      | Reached XP level 4. HP: 27/29 MP: 4/4
  1560 | D:3      | Found Plog's Armour Emporium.
  1646 | D:3      | Got Yshiejynou's Parchment of Rocky Gloom
  2262 | D:4      | Noticed a scorpion
  2269 | D:4      | Killed a scorpion
  2270 | D:4      | Reached skill level 5 in Long Blades
  2270 | D:4      | Reached XP level 5. HP: 32/34 MP: 5/5
  2371 | D:4      | Found a staircase to the Ecumenical Temple.
  2376 | Temple   | Entered the Ecumenical Temple
  2422 | Temple   | Fell from the grace of the Shining One
  2422 | Temple   | Became a worshipper of Gozag Ym Sagoz the Greedy
  2485 | D:4      | Found a runed translucent gate.
  2485 | D:4      | Found a runed translucent gate.
  2485 | D:4      | Found a runed translucent gate.
  2486 | D:4      | Noticed cforsyth's ghost (novice HuFi)
  2487 | D:4      | Noticed a kobold brigand
  2512 | D:4      | Noticed a phantom
  2529 | D:4      | Killed a phantom
  2530 | D:4      | Reached skill level 6 in Long Blades
  2530 | D:4      | Reached XP level 6. HP: 28/39 MP: 6/6
  2576 | D:4      | Found an ornate altar of the Wu Jian Council.
  2578 | D:4      | Found a sparkling altar of Nemelex Xobeh.
  2757 | D:4      | Found a runed translucent door.
  2758 | D:4      | Noticed Crazy Yiuf
  2929 | D:4      | Found a glowing silver altar of Zin.
  3098 | D:5      | Entered Level 5 of the Dungeon
  3132 | D:5      | Reached skill level 7 in Long Blades
  3359 | D:5      | Reached XP level 7. HP: 34/45 MP: 7/7
  3474 | D:5      | Slain by a phantom

Illustrated notes

Levels and vault maps discovered:
D:1:      lightli_arrival_chessboard, layout_loops_ring,
          ebering_ecumenical_altar_petrified
D:2:      layout_basic
D:3:      layout_loops_cross, serial_shops, shop, grunt_ministairs_3,
          minmay_door_square
D:4:      layout_basic, chequers_temple_overflow_statue_of_worship, zin_academy,
          minmay_temple_entry_tees, gammafunk_ghost_nasty_kobolds,
          uniq_crazy_yiuf_cottage
D:5:      layout_layer_cave, gammafunk_temple_overflow_wave
Temple:   compressed_dpeg_triangle_lava_temple

Skill      XL: |  1  2  3  4  5  6 |
---------------+-------------------+-----
Stealth        | 1 2 3 |  3.0
Long Blades    | 4 5 6 7 |  7.5
Fighting       | |  2.0
Throwing       | |  2.0
Dodging        | |  3.0

Action                     |  1- 3 |  4- 6 |  7- 9 || total
---------------------------+-------+-------+-------++-------
  Melee: Long sword        |    59 |    72 |     5 ||   136
         Constrict         |    18 |    19 |       ||    37
         Tentacles         |    10 |    20 |     1 ||    31
         Punch             |     1 |     2 |       ||     3
         Dagger            |       |     1 |       ||     1
   Fire: Sling             |       |    13 |       ||    13
  Throw: Boomerang         |       |     4 |       ||     4
    Use: Potion            |       |       |     1 ||     1
   Stab: Sleeping          |     7 |     4 |       ||    11
 Armour: Skin              |     3 |     6 |       ||     9
  Dodge: Dodged            |    26 |    32 |     8 ||    66

Table legend: (Time is in decaauts)
 A = Elapsed time spent in this place.
 B = Non-inter-level travel time spent in this place.
 C = Inter-level travel time spent in this place.
 D = Time resting spent in this place.
 E = Time spent auto-exploring this place.
 F = Levels seen in this place.
 G = Mean time per level.
                   A        B        C        D        E       F      G
               +--------+--------+--------+--------+--------+-----+--------+
         Total |   3493 |   3349 |    144 |    228 |   2422 |   6 |  582.2 |
       Dungeon |   3441 |   3302 |    139 |    228 |   2422 |   5 |  688.2 |
        Temple |     52 |     47 |      5 |      0 |      0 |   1 |   52.0 |
               +--------+--------+--------+--------+--------+-----+--------+

Top non-repeatable levels by time:
     D:4: 865 daAuts
     D:1: 828 daAuts
     D:3: 769 daAuts
     D:2: 679 daAuts
     D:5: 297 daAuts
  Temple: 52 daAuts
